Map: Orbital Shipyard

Players

devzero - Winner!

  • Race: Terran Terran
  • League: Gold

capac

  • Race: Terran Terran
  • League: Gold

VOD

Have the link to the VOD?

Description

Time

  • Played on: March 10, 2016, 3:11 p.m.
  • Length: 12:57
Show
View Real Time Build Order
Export as new Build Order

devzero Terran - Winner!

Build Orders: Banshee Rush 

Get SALT Encoding   

  12  0:01  SCV  
  13  0:13  SCV  
  14  0:18  Supply Depot  
  14  0:27  SCV  
  15  0:40  SCV  
  16  0:47  Barracks  
  16  0:49  Refinery  
  16  0:52  SCV  
  17  1:01  Refinery  
  17  1:04  SCV  
  18  1:16  SCV  
  19  1:33  Orbital Command  
  19  1:38  Supply Depot, Marine  
  20  1:49  Factory  
  20  1:56  Marine  
  20  1:59  SCV  
  22  2:14  Marine  
  23  2:17  SCV  
  24  2:27  Supply Depot  
  24  2:29  SCV  
  25  2:32  Marine  
  25  2:33  Starport  
  26  2:38  Factory Tech Lab  
  26  2:42  SCV  
  26  2:43  Engineering Bay  
  28  2:54  SCV  
  28  3:00  Barracks Reactor  
  28  3:06  SCV  
  29  3:16  Cloaking Field  
  29  3:17  Banshee  
  32  3:26  Missile Turret  
  32  3:38  Factory Tech Lab, Command Center  
  32  3:40  Marine  
  33  3:42  Marine  
  34  3:48  Supply Depot  
  34  4:00  Banshee  
  37  4:05  Marine  
  37  4:07  Marine  
  39  4:10  Siege Tank  
  42  4:22  SCV  
  42  4:23  Marine  
  44  4:25  Marine  
  45  4:34  SCV  
  45  4:36  Supply Depot  
  46  4:50  Siege Tank  
  49  5:35  SCV x2  
  51  5:36  Marine x2  
  51  5:37  Siege Tank  
  51  5:40  Banshee  
  59  5:53  Marine  
  59  5:54  Marine, Orbital Command  
  59  5:55  SCV  
  62  6:04  Barracks  
  62  6:07  Barracks, SCV  
  62  6:09  Siege Tank  
  66  6:19  SCV  
  66  6:20  Missile Turret  
  67  6:30  Marine  
  67  6:31  Marine, SCV  
  70  6:35  Starport Reactor  
  70  6:38  Barracks  
  70  6:41  Siege Tank, SCV  
  70  6:43  Supply Depot, SCV  
  75  6:50  Marine x2  
  77  6:54  Barracks Tech Lab  
  77  6:55  Barracks Reactor  
  77  7:04  Missile Turret  
  77  7:08  Marine x2  
  79  7:12  Marine  
  79  7:13  Siege Tank  
  79  7:15  Stimpack  
  83  7:20  Supply Depot, SCV x2  
  83  7:22  Terran Infantry Weapons Level 1, Supply Depot  
  85  7:24  Supply Depot  
  85  7:25  Refinery, Marine  
  85  7:28  Combat Shields  
  86  7:39  Supply Depot  
  86  7:41  Marine  
  86  7:42  SCV  
  86  7:43  Refinery  
  88  7:48  Engineering Bay  
  88  7:51  Medivac  
  90  7:59  SCV  
  90  8:00  SCV  
  92  8:10  Marine x5  
  92  8:11  Marauder  
  92  8:12  Viking, SCV  
  102  8:22  SCV  
  102  8:24  SCV  
  104  8:28  Marine x3  
  104  8:29  Marauder  
  104  8:33  Marauder  
  104  8:34  SCV  
  112  8:41  Terran Infantry Armor Level 1  
  112  8:44  Command Center  
  112  8:48  Armory, Missile Turret  
  112  8:50  Marauder, Marine x2  
  85  9:14  Marine x4  
  85  9:15  Marine x2  
  81  9:32  Marine x5  
  81  9:33  Marine  
  81  9:35  Missile Turret  
  81  9:36  Missile Turret  
  87  9:38  Missile Turret  
  87  9:45  SCV x2  
  89  9:50  Marine x4  
  93  9:57  SCV  
  93  9:58  Orbital Command  
  94  10:00  Barracks, SCV  
  94  10:01  Barracks  
  94  10:03  Barracks  
  94  10:06  Medivac  
  97  10:09  SCV  
  97  10:12  SCV  
  99  10:14  Siege Tank  
  102  10:21  SCV  
  102  10:23  Marine  
  102  10:24  Marine x3, SCV  
  102  10:25  Marine x2  
  110  10:29  Terran Infantry Weapons Level 2  
  110  10:33  SCV  
  111  10:35  Medivac  
  111  10:38  Medivac  
  111  10:41  Marine x2  
  111  10:42  SCV x2  
  119  10:44  Marine x2  
  119  10:45  Marine x2, SCV  
  124  10:50  Barracks Reactor  
  124  10:51  Barracks Reactor  
  124  10:54  SCV x2  
  124  10:55  Supply Depot  
  126  10:58  Terran Vehicle Weapons Level 1  
  126  10:59  Marine x2  
  126  11:00  Supply Depot  
  128  11:05  Starport  
  128  11:10  Marine x3  
  128  11:11  Marine x2  
  133  11:17  Marine x2, Siege Tank  
  138  11:27  Refinery  
  138  11:30  Refinery  
  138  11:34  Command Center  
  138  12:25  Siege Tank  
Show
View Real Time Build Order
Export as new Build Order

capac Terran 

Build Orders:  

Get SALT Encoding   

  12  0:01  SCV  
  13  0:14  SCV  
  14  0:18  Supply Depot  
  14  0:26  SCV  
  15  0:40  SCV  
  15  0:42  Barracks  
  16  0:44  Refinery  
  16  0:52  SCV  
  17  1:04  SCV  
  18  1:16  SCV  
  19  1:28  SCV  
  19  1:31  Barracks Reactor  
  20  1:34  Supply Depot  
  20  1:43  Command Center  
  20  1:46  SCV  
  21  2:03  Orbital Command  
  21  2:07  Factory  
  21  2:10  Marine  
  21  2:13  Marine  
  23  2:28  Marine  
  24  2:30  SCV  
  24  2:31  Marine  
  26  2:46  Refinery, Marine  
  26  2:48  Marine  
  28  2:54  Starport  
  28  2:56  Factory Tech Lab  
  28  2:58  SCV  
  30  3:00  Orbital Command  
  29  3:07  Marine  
  29  3:08  Marine  
  31  3:14  SCV  
  32  3:28  SCV  
  32  3:29  SCV  
  32  3:32  Refinery  
  34  3:35  Engineering Bay  
  34  3:38  Supply Depot, Siege Tank  
  34  3:39  Marine x2  
  39  3:45  SCV x2  
  41  4:01  SCV  
  41  4:02  SCV  
  43  4:10  Supply Depot  
  43  4:11  Missile Turret  
  43  4:12  Missile Turret  
  43  4:13  Siege Tank  
  43  4:14  Medivac  
  43  4:16  SCV  
  49  4:18  SCV  
  49  4:21  Marine x2  
  52  4:29  SCV  
  52  4:30  SCV  
  54  4:35  Supply Depot  
  50  5:00  Marine  
  50  5:01  Marine  
  49  5:14  Siege Tank, Missile Turret  
  49  5:16  Viking  
  49  5:18  Marine x2  
  53  5:36  Marine  
  49  5:57  Starport Reactor  
  49  5:59  Marine x2  
  51  6:06  Command Center  
  51  6:07  Barracks  
  51  6:13  SCV x2  
  51  6:14  Missile Turret  
  53  6:25  Siege Tank, SCV  
  57  6:31  Barracks  
  57  6:37  Missile Turret  
  57  6:39  Medivac  
  59  6:40  Medivac  
  59  6:41  SCV  
  59  6:42  SCV  
  63  6:54  SCV x2  
  65  6:56  Barracks Tech Lab  
  65  6:58  Supply Depot  
  65  7:06  SCV x2  
  67  7:14  Medivac  
  69  7:17  Medivac  
  69  7:21  Supply Depot, Barracks Reactor, Stimpack  
  69  7:22  Marine x2  
  73  7:25  Marine  
  74  7:34  SCV x2  
  74  7:36  Refinery  
  76  7:40  Missile Turret  
  76  7:41  Terran Infantry Weapons Level 1  
  76  7:45  Supply Depot  
  76  7:48  SCV  
  76  7:49  SCV  
  78  8:03  Liberator  
  78  8:04  Liberator  
  78  8:12  SCV x2  
  80  8:18  Marine x3  
  80  8:19  Supply Depot, Siege Tank  
  86  8:26  SCV x2  
  94  8:43  Orbital Command  
  94  8:45  SCV x2  
  94  8:48  Marine x5  
  78  9:22  SCV  
  78  9:23  Marine x4  
  78  9:24  Marine  
  84  9:25  Medivac x2  
  84  9:26  Siege Tank  
  84  9:30  Barracks  
  91  9:34  SCV  
  91  9:37  SCV x2  
  94  9:39  Missile Turret  
  94  9:46  SCV  
  94  9:49  SCV x2  
  97  9:57  Supply Depot  
  97  9:58  Starport, Marine, Siege Tank  
  97  9:59  Marine x4  
  105  10:08  Viking x2  
  105  10:10  SCV  
  105  10:11  SCV x2  
  112  10:18  Marine, Missile Turret  
  113  10:22  SCV  
  113  10:23  SCV x2  
  113  10:25  Barracks Tech Lab  
  113  10:27  Barracks Reactor  
  116  10:30  Siege Tank  
  116  10:33  Factory  
  119  10:38  Starport Reactor  
  119  10:39  Viking  
  121  10:55  Marine x4  
  125  10:59  Refinery  
  125  11:00  Refinery  
  125  11:01  Supply Depot  
  125  11:05  Supply Depot  
  125  11:06  Marine, SCV x3  
  129  11:16  Viking x2  
  129  11:18  Factory Tech Lab  
  133  11:23  SCV x3  
  136  11:25  Supply Depot  
  136  11:28  Supply Depot  
  136  11:30  Marine x3  
  139  11:35  SCV x3  
  142  11:47  Marine x2  
  142  11:48  Marine  
  145  11:54  Supply Depot  
  145  11:57  Armory  
  145  11:59  Armory  
  145  12:02  Viking x3  
  145  12:08  Marine x4  
  151  12:09  Siege Tank  
Tags
 
Add a new tag
Caveats
  • Supply blocks, unpowered buildings, or Contaminate may cause inaccurate times.
  • Supply counts are checked every 10 seconds.